 Dungeon Crawl Stone Soup version 0.27-a0-1358-ga0a28fc8c3 (webtiles) character file.

Game seed: 1766238029548070673

53 Delamore the Sneak (level 3, -9/25 HPs)
             Began as an Octopode Brigand on June 28, 2021.
             Mangled by Crazy Yiuf (20 damage)
             ... on level 2 of the Dungeon.
             The game lasted 00:01:17 (2148 turns).

Delamore the Sneak (Octopode Brigand)               Turns: 2148, Time: 00:01:17

Health: -9/25      AC:  1    Str: 10    XL:     3   Next: 87%
Magic:  12/12      EV: 12    Int: 13    God:
Gold:   52         SH:  0    Dex: 14    Spells: 2/2 levels left

rFire    . . .     SeeInvis .   a - +2 dagger
rCold    . . .     Faith    .   (no shield)
rNeg     . . .     Spirit   .   (helmet restricted)
rPois    .         Reflect  .   (no amulet)
rElec    .         Harm     .   f - ring of magical power
rCorr    .         Rampage  .   (no ring)
Will     .....                  (no ring)
Stlth    ++++......             (no ring)
HPRegen  0.08/turn              (no ring)
MPRegen  0.13/turn              (no ring)
                                (no ring)
                                (no ring)

@: no status effects
A: almost no armour, amphibious, 8 rings, camouflage 1, gelatinous body 1,
(nimble swimmer 1), tentacles
a: no special abilities


You were on level 2 of the Dungeon.
You visited 1 branch of the dungeon, and saw 2 of its levels.

You collected 52 gold pieces.

Inventory:

Hand Weapons
 a - a +2 dagger (weapon)
Missiles
 b - 8 poisoned darts (quivered)
 c - 2 curare-tipped darts
 h - 4 boomerangs
Jewellery
 d - a +6 ring of intelligence
 f - a ring of magical power (left tentacle)
Scrolls
 j - a scroll of teleportation
 m - a scroll of magic mapping {unknown}
Potions
 e - 2 potions of might
 g - 2 potions of cancellation
 i - a potion of flight {unknown}
 k - a potion of lignification {unknown}
 l - a potion of haste


   Skills:
 + Level 2.8 Fighting
 + Level 2.8 Short Blades
 - Level 2.0 Throwing
 - Level 1.0 Dodging
 + Level 6.1 Stealth


You had 2 spell levels left.
You didn't know any spells.
Your spell library contained the following spells:

 Spells                   Type           Power      Damage    Failure   Level
 Magic Dart               Conj           0%         1d3       30%         1
 Searing Ray              Conj           0%         3d3       43%         2
 Dazzling Flash           Conj/Hex       0%         N/A       67%         3
 Fulminant Prism          Conj/Hex       0%         3d6       97%         4
 Iskenderun's Mystic Bla  Conj/Tloc      0%         2d3       97%         4


Dungeon Overview and Level Annotations

Branches:
Dungeon (2/15)

Altars:

Annotations:
D:2 Crazy Yiuf


Innate Abilities, Weirdness & Mutations

You cannot wear most types of armour.
You are amphibious.
You can wear up to eight rings at the same time.
Your skin changes colour to match your surroundings (Stealth+).
Your rubbery body absorbs attacks. (AC +1, EV +1)
((You are camouflaged near water. (Stealth+)))
You have tentacles for arms and can constrict up to eight enemies at once.


Message History

No target in view!
No target in view!
No target in view!
No target in view!
No target in view!
No target in view!
A hobgoblin comes into view.
A hobgoblin is nearby!
A hobgoblin is nearby!
The helpless hobgoblin fails to defend itself.
You impale the hobgoblin!!
You kill the hobgoblin!
No target in view!
No target in view!
No target in view!
No target in view!
No target in view!
No target in view!
Found a leather armour.
You see here a scroll of noise.
Could not explore, unopened runed door.
You open the door.
There is an open translucent door here.
You hit Crazy Yiuf. You grab Crazy Yiuf.
Crazy Yiuf is lightly wounded.
You constrict Crazy Yiuf, but do no damage.
Crazy Yiuf misses you.
You hit Crazy Yiuf.
Crazy Yiuf is moderately wounded.
You constrict Crazy Yiuf, but do no damage.
Crazy Yiuf drinks a potion.
Crazy Yiuf seems to speed up.
You hit Crazy Yiuf.
Crazy Yiuf is moderately wounded.
You constrict Crazy Yiuf, but do no damage.
Crazy Yiuf grits, "Whiteboard!"
Crazy Yiuf hits you with a +3 quarterstaff of chaos!
Ouch! That really hurt!
You are electrocuted!!
Ouch! That really hurt!
You die...

..#.#####.................#
#####
###.##.>.............######
#....
..#.##........[......#
#....
#.#.##################
#.... #.#.# #<...
#[#.####♣♣♣♣♣ #....
#.#.......♣.♣♣♣##### #....
#.#........♣..♣#g..# #....
#.#...)..)♣♣♣♣.'@..# ###.#
#.###....♣♣ ♣♣#..)# #..
......##♣♣ ##### #.#
..##### ### ..##### ......#
.############ .# #.......#
.# ##.[.....########


You could see Crazy Yiuf (fast).

Vanquished Creatures
  A gnoll (D:1)
  A worm (D:2)
  4 bats
  3 endoplasms
  2 giant cockroaches
  6 hobgoblins
  2 kobolds
  2 quokkas (D:1)
  5 ball pythons
  3 frilled lizards (D:1)
  4 goblins
  3 rats
36 creatures vanquished.

Notes
Turn   | Place    | Note
-------+----------+-------------------------------------------
     0 | D:1      | Delamore the Octopode Brigand began the quest for the Orb.
     0 | D:1      | Reached XP level 1. HP: 14/14 MP: 1/1
   196 | D:1      | Reached XP level 2. HP: 7/19 MP: 2/2
   807 | D:1      | Reached XP level 3. HP: 25/25 MP: 3/3
  1027 | D:1      | Found a faded altar of an unknown god.
  1452 | D:2      | Reached skill level 6 in Stealth
  1725 | D:2      | Found a runed translucent door.
  1726 | D:2      | Noticed Crazy Yiuf
  2148 | D:2      | Mangled by Crazy Yiuf

Illustrated notes

Levels and vault maps discovered:
D:1:      saegor_arrival_simple_a, layout_loops_corners,
          ebering_ecumenical_altar_rust
D:2:      layout_basic, uniq_crazy_yiuf_cottage

Skill      XL: |  1  2  3 |
---------------+----------+-----
Stealth        | 6 |  6.1
Fighting       | |  2.8
Short Blades   | |  2.8
Throwing       | |  2.0
Dodging        | |  1.0

Action                   || total
-------------------------++-------
Melee: Dagger            ||    56
       Constrict         ||    13
       Tentacles         ||    11
  Use: Scroll            ||     4
 Stab: Sleeping          ||    14
Armor: Skin              ||     5
Dodge: Dodged            ||    17

Table legend: (Time is in decaauts)
 A = Elapsed time spent in this place.
 B = Non-inter-level travel time spent in this place.
 C = Inter-level travel time spent in this place.
 D = Time resting spent in this place.
 E = Time spent auto-exploring this place.
 F = Levels seen in this place.
 G = Mean time per level.
                   A        B        C        D        E       F      G
               +--------+--------+--------+--------+--------+-----+--------+
         Total |   2140 |   2103 |     37 |      0 |   1895 |   2 | 1070.0 |
       Dungeon |   2140 |   2103 |     37 |      0 |   1895 |   2 | 1070.0 |
               +--------+--------+--------+--------+--------+-----+--------+

Top non-repeatable levels by time:
     D:1: 1309 daAuts
     D:2: 830 daAuts
